AoeStats
← † BigMakh †

Arena

508729275Analyzed
4v4 RM · 8d ago on Sep 23, 2026· 45m 23s· 8 players
Game mode
Random Map
Map size
Large (8 player)
Population
200
Speed
Normal
Resources
Standard
Victory
Conquest
Starting age
Dark Age
Ending age
Imperial Age
RankedLock teamsTeams togetherTeam positionsShared explorationLock speedFull tech treeHidden civsTurbo modeCheats
Victory
Defeat
🇨🇴 Ethiopians · Colombia
1043
+12
🇨🇦 Varangians · Canada
997
+14
🇺🇸 Bohemians · United States
972
+15
🇪🇸 Spanish · Spain
956
+16
🇸🇦 Inca · Saudi Arabia
1011
-17
🇫🇮 Danes · Finland
1008
-16
🇬🇧 Japanese · United Kingdom
893
-12
🇪🇸 Bohemians · Spain
893
-12
Sgt. Shaftoe
10:53 Feudal Age
12:26 Double-Bit Axe
15:08 Castle Age
15:20 Horse Collar
21:31 Bow Saw
21:40 Heavy Plow
25:46 Wheelbarrow
24:57 Loom
24:57 Town Watch
28:42 Imperial Age
26:18 Fletching
28:14 Chemistry
27:46 Bodkin Arrow
28:01 Forging
27:57 Scale Barding Armor
28:54 Hand Cart
28:40 Town Patrol
29:05 Wagenburg Tactics
30:45 Bracer
31:20 Iron Casting
30:45 Scale Mail Armor
32:25 Ballistics
32:15 Masonry
32:01 Murder Holes
33:58 Padded Archer Armor
34:14 Chain Mail Armor
39:53 Blast Furnace
39:23 Plate Mail Armor
39:09 Leather Archer Armor
38:21 Houfnice
43:37 Conscription
43:24 Hussite Reforms
42:59 Pikeman
43:39 Squires
43:47 Devotion
44:08 Sanctity
43:48 Atonement
43:58 Redemption
44:37 Elite Skirmisher
EoLo
10:07 Feudal Age
15:19 Castle Age
14:19 Double-Bit Axe
16:35 Bow Saw
16:30 Horse Collar
17:27 Heavy Plow
17:50 Loom
21:57 Wheelbarrow
22:20 Fervor
23:34 Stone Mining
24:29 Gold Mining
25:37 Hand Cart
28:08 Imperial Age
26:02 Husbandry
26:13 Bloodlines
26:11 Scale Barding Armor
26:31 Town Watch
26:58 Forging
27:27 Chain Barding Armor
29:41 Cavalier
31:46 Plate Barding Armor
33:57 Elite Skirmisher
34:43 Thumb Ring
34:32 Fletching
34:43 Padded Archer Armor
35:19 Iron Casting
35:26 Bodkin Arrow
35:54 Ballistics
36:34 Chemistry
35:46 Masonry
36:38 Two-Man Saw
36:14 Stone Shaft Mining
36:37 Conscription
36:53 Hoardings
37:28 Paladin
39:05 Bracer
40:06 Blast Furnace
39:02 Elite Conquistador
43:57 Light Cavalry
sarbakan
10:46 Feudal Age
9:16 Loom
11:02 Feudal Age
12:24 Loom
15:13 Castle Age
14:16 Double-Bit Axe
14:37 Horse Collar
15:10 Gold Mining
19:19 Bow Saw
26:54 Heavy Plow
32:02 Imperial Age
29:27 Town Watch
30:24 Wheelbarrow
30:03 Scale Mail Armor
30:35 Fortified Wall
32:32 Squires
33:55 Hand Cart
33:42 Town Patrol
34:09 Conscription
34:13 Elite Jarl
36:07 Onager
36:39 Arson
38:14 Siege Engineers
39:10 Chemistry
38:18 Elite Varangian Guard
41:31 Chain Mail Armor
41:27 Forging
julianSD7
9:15 Loom
11:35 Feudal Age
13:42 Double-Bit Axe
16:11 Castle Age
15:30 Scale Mail Armor
15:42 Forging
15:37 Horse Collar
17:33 Wheelbarrow
17:39 Squires
17:26 Arson
18:38 Chain Mail Armor
22:36 Town Watch
25:39 Iron Casting
28:04 Hand Cart
33:46 Imperial Age
33:25 Bow Saw
33:17 Heavy Plow
33:08 Gold Mining
33:08 Stone Mining
34:21 Town Patrol
35:23 Conscription
34:56 Fletching
36:48 Two-Man Saw
36:36 Gold Shaft Mining
35:40 Crossbowman
36:34 Thumb Ring
37:14 Stone Shaft Mining
37:24 Bodkin Arrow
37:29 Padded Archer Armor
38:44 Bracer
39:45 Fortified Wall
39:46 Masonry
39:42 Siege Engineers
39:51 Arbalester
39:52 Elite Skirmisher
41:55 Chemistry
41:03 Siege Engineers
41:20 Ballistics
42:50 Architecture
42:16 Murder Holes
42:37 Leather Archer Armor
42:54 Plate Mail Armor
44:08 Ring Archer Armor
43:45 Scale Barding Armor
43:39 Light Cavalry
44:20 Husbandry
FL2sh_Humor
10:29 Feudal Age
14:15 Castle Age
12:15 Double-Bit Axe
12:29 Horse Collar
18:22 Bow Saw
18:36 Heavy Plow
21:51 Wheelbarrow
23:00 Hand Cart
22:35 Loom
28:32 Imperial Age
26:47 Gold Mining
27:22 Ballistics
27:28 Fletching
28:20 Masonry
28:07 Murder Holes
29:03 Capped Ram
29:10 Capped Ram
29:50 Town Watch
31:16 Chemistry
31:07 Gold Shaft Mining
30:23 Stone Mining
30:27 Heavy Scorpion
30:34 Siege Ram
33:49 Conscription
33:55 Bodkin Arrow
37:05 Hoardings
43:58 Scale Barding Armor
44:04 Forging
44:50 Husbandry
45:01 Bloodlines
44:45 Light Cavalry
46:06 Chain Barding Armor
46:22 Iron Casting
DaviidWolf
12:13 Feudal Age
16:05 Castle Age
16:04 Wheelbarrow
15:21 Double-Bit Axe
15:21 Horse Collar
19:09 Bow Saw
26:41 Town Watch
28:16 Ballistics
28:14 Fletching
36:31 Imperial Age
37:16 Chemistry
38:15 Fortified Wall
Paul Chuckle
0:28 Loom
9:47 Feudal Age
10:15 Horse Collar
10:22 Double-Bit Axe
19:56 Castle Age
18:11 Stone Mining
18:33 Gold Mining
19:45 Fletching
21:19 Wheelbarrow
24:03 Treadmill Crane
30:15 Heavy Plow
31:10 Bow Saw
32:17 Masonry
34:21 Gold Shaft Mining
37:31 Pikeman
38:12 Squires
41:30 Imperial Age
39:02 Guard Tower
39:08 Town Watch
40:33 Ballistics
40:57 Fortified Wall
41:10 Yasama
41:40 Halberdier
42:50 Murder Holes
44:35 Keep
45:18 Parthian Tactics
† BigMakh †
12:34 Feudal Age
13:08 Horse Collar
13:16 Double-Bit Axe
17:33 Stone Mining
19:53 Castle Age
18:09 Gold Mining
19:05 Forging
18:56 Scale Mail Armor
24:13 Wheelbarrow
25:27 Iron Casting
25:08 Chain Mail Armor
35:13 Imperial Age
34:02 Hand Cart
35:15 Elite Kamayuk
36:17 Conscription
37:03 Blast Furnace
36:52 Gold Shaft Mining
37:10 Stone Shaft Mining
37:04 Heavy Plow
37:45 Bow Saw
38:27 Plate Mail Armor
41:20 Chemistry
40:41 Ballistics
42:35 Andean Sling
42:38 Fabric Shields
Connection lost

Rejoining the realm…

Still unreachable

The connection could not be restored.

Session expired

The server has moved on; the page needs a fresh start.